 Dungeon Crawl Stone Soup version 0.30.0-15-g856e2d3f33 (webtiles) character file.

Game seed: 168858466065973422

2998 qw the Cleaver (level 9, -1/57 HPs)
             Began as a Gargoyle Cinder Acolyte on May 18, 2023.
             Was a Believer of Ignis.
             Slain by a death yak (16 damage)
             ... on level 8 of the Dungeon.
             The game lasted 00:03:29 (6798 turns).

qw the Cleaver (Gargoyle Cinder Acolyte)            Turns: 6798, Time: 00:03:30

Health: -1/57      AC: 30    Str: 23    XL:     9   Next: 84%
Magic:  0/10       EV:  7    Int: 14    God:    Ignis [**....]
Gold:   195        SH:  0    Dex: 11    Spells: 10/10 levels left

rFire   + . .        m - +0 war axe
rCold   . . .        (no shield)
rNeg    + . .        k - +0 plate armour
rPois   inf          i - +1 helmet
rElec   +            n - +0 cloak
rCorr   .            l - +0 pair of gloves
SInv    .            (no boots)
Will    .....        a - amulet of guardian spirit Stlth
                     f - +6 ring of dexterity
HPRegen 0.29/turn    (no ring)
MPRegen 0.12/turn

%: guardian spirit
@: about to teleport, fiery-armoured
A: sickness immunity, AC +6, negative energy resistance 1, electricity
resistance, torment resistance 1, petrification resistance
a: Renounce Religion, Fiery Armour, Foxfire Swarm, Rising Flame


You were on level 8 of the Dungeon.
You worshipped Ignis.
Ignis was pleased with you.
You visited 1 branch of the dungeon, and saw 8 of its levels.

You collected 362 gold pieces.
You spent 167 gold pieces at shops.


Innate Abilities, Weirdness & Mutations

You are immune to sickness and miasma.
Your stone body is resilient. (AC +6)
You are immune to poison.
You resist negative energy. (rN+)
You are resistant to electric shocks. (rElec)
You are resistant to unholy torment.
You are immune to petrification.


   Skills:
 - Level 7.1 Fighting
 + Level 9.8 Axes
 - Level 1.2 Throwing
 - Level 6.1 Armour
 - Level 1.3 Dodging
 - Level 1.0 Spellcasting
 - Level 3.0 Fire Magic


You had 10 spell levels left.
You didn't know any spells.
Your spell library contained the following spells:

 Spells                   Type           Power      Damage    Failure   Level
 Scorch                   Fire           18%        2d6       88%         2

Inventory:

Hand Weapons
 j - a +0 morningstar
 m - a +0 war axe (weapon)
Missiles
 o - a boomerang (quivered)
Armour
 i - a +1 helmet (worn)
 k - a +0 plate armour (worn)
 l - a +0 pair of gloves (worn)
 n - a +0 cloak (worn)
Jewellery
 a - an amulet of guardian spirit (around neck)
 f - a +6 ring of dexterity (left hand)
Scrolls
 b - 2 scrolls of teleportation
 c - 3 scrolls of identify
Potions
 d - 5 potions of heal wounds
 e - 2 potions of resistance
 g - 3 potions of might
 h - a potion of cancellation
 p - a potion of haste

Dungeon Overview and Level Annotations

Branches:
Dungeon (8/15)             Temple (0/1) D:5            Lair (0/5) D:8

Altars:
Elyvilon
Makhleb
Okawaru
Ru
Vehumet
Wu Jian
Xom

Shops:
D:1 ?   D:6 [


Message History

You completely miss the death yak.
The death yak is lightly wounded.
You hit the orc priest but do no damage.
The orc priest hits you with a +0 club.
The orc priest is burned by your cloak of flames.
The orc priest is lightly wounded.
You barely miss the death yak.
The death yak is lightly wounded.
You barely miss the orc priest. You hit the death yak.
The death yak gores you!!
The orc priest invokes the aid of Beogh against you.
Pain shoots through your body!
The death yak gores you but does no damage.
The sky beast flickers out of sight!
Deactivating autopickup; reactivate with Ctrl-A.
Autopickup is now on.
Lua error: [string "/dgldir/rcfiles/crawl-bot-0.30/qwlua.rc"]:3713: Cannot currently process new keys (there is pending input)
You hit the death yak but do no damage.
The death yak is lightly wounded.
You hit the orc priest. You closely miss the yak.
You hit the death yak but do no damage.
You hear the faint creaking of a very distant portcullis.
The orc priest mumbles some strange prayers to Beogh against you.
Beogh smites you!
A sky beast appears from thin air!
The death yak gores you but does no damage.
The death yak is burned by your cloak of flames.
The death yak is lightly wounded.
The death yak gores you but does no damage.
You slash the orc priest!
You kill the orc priest!
You hit the death yak but do no damage. You slash the death yak! x2
The death yak barely misses you. The death yak gores you.
6798 ||| READING 3 scrolls of teleportation.
As you read the scroll of teleportation, it crumbles to dust.
You feel strangely unstable.
The death yak gores you but does no damage.
The death yak is burned by your cloak of flames.
The death yak is lightly wounded.
The death yak gores you!!
You die...

#.#.........#
..
###....%..###
... #.....%###
..>## #.....###
(....##.##....#
............###
....##....##.#
..~.##Y..#####
....oYY@.######
..#.YoYY......#
..............#
..>...........#
.........###.##
...#.....# ##
..#....###
....... ......


You could see 3 death yaks, 2 yaks, a sky beast, an orc wizard and an orc.

Vanquished Creatures
  2 humans (D:7)
  A steam dragon (D:5)
  2 water moccasins
  2 orc warriors (D:7)
  2 black bears
  A phantom (D:3)
  A centaur (D:6)
  2 kobold brigands
  A gnoll sergeant (D:7)
  2 scorpions (D:5)
  3 wights
  2 killer bees (D:8)
  A howler monkey (D:6)
  5 electric eels (D:7)
  2 hounds (D:6)
  6 orc priests
  3 jellies
  4 sleepcaps
  4 iguanas
  9 orc wizards
  11 gnolls
  7 adders
  A worm (D:2)
  8 dart slugs
  28 orcs
  8 ball pythons
  7 endoplasms
  2 giant cockroaches (D:2)
  6 hobgoblins
  2 jackals (D:2)
  3 quokkas (D:1)
  2 bats
  3 frilled lizards
  2 goblins
  12 kobolds
  6 rats
163 creatures vanquished.

Notes
Turn   | Place    | Note
-------+----------+-------------------------------------------
     0 | D:1      | qw the Gargoyle Cinder Acolyte began the quest for the Orb.
     0 | D:1      | Reached XP level 1. HP: 14/14 MP: 2/2
     0 | D:1      | 0 ||| qw: Version: 0.2-a-95-gc95f03d
     0 | D:1      | 0 ||| qw: Game counter: 14
     0 | D:1      | 0 ||| qw: Always use a shield: true
     0 | D:1      | 0 ||| qw: God list: Okawaru
     0 | D:1      | 0 ||| qw: Allow faded altars: false
     0 | D:1      | 0 ||| qw: Do Orc after D:15 true
     0 | D:1      | 0 ||| qw: Do second Lair branch before Depths: true
     0 | D:1      | 0 ||| qw: Lair rune preference: random
     0 | D:1      | 0 ||| qw: Plans: Normal
     0 | D:1      | 0 ||| PLANNING D:1-11
    74 | D:1      | Found Uqey's Magic Scroll Emporium.
    76 | D:1      | 76 ||| Stepping ~*~*~tactically~*~*~ (hiding).
    86 | D:1      | Reached skill level 3 in Axes
   100 | D:1      | Reached XP level 2. HP: 19/19 MP: 3/3
   112 | D:1      | 112 ||| SHOPLISTING scroll of enchant weapon (105 gold,
                  | have 31).
   112 | D:1      | 112 ||| BUYING scroll of identify (28 gold).
   112 | D:1      | Bought a scroll of identify for 28 gold pieces
   112 | D:1      | 112 ||| SHOPLISTING scroll of teleportation (42 gold, have
                  | 3).
   380 | D:1      | 380 ||| Stepping ~*~*~tactically~*~*~ (stealth).
   467 | D:1      | 467 ||| INVOKING Fiery Armour.
   470 | D:1      | Reached XP level 3. HP: 6/23 MP: 4/4
   782 | D:1      | 782 ||| UPGRADING to +0 leather armour.
   792 | D:1      | 792 ||| DROPPING +0 robe.
   793 | D:1      | 793 ||| UPGRADING to +0 chain mail.
   803 | D:1      | 803 ||| DROPPING +0 leather armour.
   804 | D:1      | 804 ||| READING scroll labelled COETIU UNASOUB.
   809 | D:1      | 809 ||| READING scroll labelled FUROXO GIHARIOLUES.
   810 | D:1      | 810 ||| READING 7 scrolls of identify.
   810 | D:1      | 810 ||| IDENTIFYING black potion
   904 | D:2      | Reached skill level 1 in Armour
   929 | D:2      | 929 ||| Stepping ~*~*~tactically~*~*~ (hiding).
   933 | D:2      | 933 ||| Stepping ~*~*~tactically~*~*~ (hiding).
   951 | D:2      | 951 ||| Stepping ~*~*~tactically~*~*~ (stealth).
   955 | D:2      | 955 ||| Stepping ~*~*~tactically~*~*~ (hiding).
  1029 | D:2      | Reached skill level 4 in Axes
  1079 | D:2      | 1079 ||| Stepping ~*~*~tactically~*~*~ (stealth).
  1101 | D:2      | Reached XP level 4. HP: 28/28 MP: 5/5
  1215 | D:2      | 1215 ||| INVOKING Fiery Armour.
  1529 | D:2      | 1529 ||| UPGRADING to +1 helmet.
  1534 | D:2      | 1534 ||| READING scroll labelled QIZIELL RAIDIO.
  1535 | D:2      | 1535 ||| READING scroll labelled NAMIQ NETA.
  1536 | D:2      | 1536 ||| READING scroll labelled TOAVOE QEASEA.
  1537 | D:2      | 1537 ||| READING 9 scrolls of identify.
  1537 | D:2      | 1537 ||| IDENTIFYING metallic yellow potion
  1580 | D:3      | Noticed a phantom
  1583 | D:3      | 1583 ||| INVOKING Fiery Armour.
  1591 | D:3      | Killed a phantom
  1592 | D:3      | Reached skill level 5 in Axes
  1592 | D:3      | Reached XP level 5. HP: 28/32 MP: 6/6
  1659 | D:3      | 1659 ||| Stepping ~*~*~tactically~*~*~ (stealth).
  1999 | D:3      | Found a burning altar of Makhleb.
  2080 | D:3      | Found a white marble altar of Elyvilon.
  2265 | D:3      | 2265 ||| UPGRADING to +0 plate armour.
  2275 | D:3      | 2275 ||| DROPPING +0 chain mail.
  2276 | D:3      | 2276 ||| READING scroll labelled TAFABO MAQAIF.
  2277 | D:3      | 2277 ||| READING scroll labelled XIWYCA XEUNO.
  2278 | D:3      | 2278 ||| READING scroll labelled FYKYAT LUOH.
  2297 | D:3      | 2297 ||| READING 9 scrolls of identify.
  2297 | D:3      | 2297 ||| IDENTIFYING sedimented clear potion
  2298 | D:3      | 2298 ||| READING 8 scrolls of identify.
  2298 | D:3      | 2298 ||| IDENTIFYING fuming brown potion
  2299 | D:3      | 2299 ||| DROPPING potion of invisibility.
  2300 | D:3      | 2300 ||| DROPPING potion of brilliance.
  2375 | D:4      | Reached XP level 6. HP: 38/38 MP: 7/7
  2392 | D:4      | Found an ornate altar of the Wu Jian Council.
  2525 | D:4      | 2525 ||| Stepping ~*~*~tactically~*~*~ (hiding).
  2543 | D:4      | Reached skill level 3 in Armour
  2603 | D:4      | 2603 ||| SWAPPING to +2 hand axe of electrocution.
  2604 | D:4      | 2604 ||| DROPPING +0 hand axe of electrocution.
  2607 | D:4      | 2607 ||| DROPPING +0 whip.
  2661 | D:4      | Noticed a black bear
  2668 | D:4      | Killed a black bear
  3128 | D:4      | 3128 ||| UPGRADING to amulet of guardian spirit.
  3133 | D:4      | 3133 ||| DROPPING amulet of magic regeneration.
  3134 | D:4      | 3134 ||| UPGRADING to +6 ring of dexterity.
  3135 | D:4      | 3135 ||| READING scroll labelled DOTIAST MOJU.
  3136 | D:4      | 3136 ||| DRINKING 2 green potions.
  3137 | D:4      | 3137 ||| READING 7 scrolls of identify.
  3137 | D:4      | 3137 ||| IDENTIFYING grey potion
  3138 | D:4      | 3138 ||| READING 6 scrolls of identify.
  3138 | D:4      | 3138 ||| IDENTIFYING pink potion
  3139 | D:4      | 3139 ||| READING 5 scrolls of identify.
  3139 | D:4      | 3139 ||| IDENTIFYING blue potion
  3140 | D:4      | 3140 ||| DROPPING potion of lignification.
  3141 | D:4      | 3141 ||| DROPPING potion of attraction.
  3166 | D:5      | Entered Level 5 of the Dungeon
  3172 | D:5      | 3172 ||| Stepping ~*~*~tactically~*~*~ (hiding).
  3185 | D:5      | Reached skill level 6 in Axes
  3185 | D:5      | Reached XP level 7. HP: 39/43 MP: 6/8
  3193 | D:5      | Reached skill level 1 in Dodging
  3216 | D:5      | 3216 ||| Stepping ~*~*~tactically~*~*~ (stealth).
  3400 | D:5      | Noticed a steam dragon
  3414 | D:5      | Killed a steam dragon
  3502 | D:5      | Reached skill level 7 in Axes
  3554 | D:5      | Found a staircase to the Ecumenical Temple.
  3635 | D:5      | Reached XP level 8. HP: 46/48 MP: 9/9
  3718 | D:5      | 3718 ||| Stepping ~*~*~tactically~*~*~ (stealth).
  3719 | D:5      | 3719 ||| Stepping ~*~*~tactically~*~*~ (stealth).
  3721 | D:5      | 3721 ||| Stepping ~*~*~tactically~*~*~ (stealth).
  3723 | D:5      | 3723 ||| Stepping ~*~*~tactically~*~*~ (stealth).
  3724 | D:5      | 3724 ||| Stepping ~*~*~tactically~*~*~ (stealth).
  3834 | D:5      | 3834 ||| UPGRADING to +0 pair of gloves.
  3839 | D:5      | 3839 ||| DRINKING 2 clear potions.
  3840 | D:5      | 3840 ||| READING 5 scrolls of identify.
  3840 | D:5      | 3840 ||| IDENTIFYING bubbling amethyst potion
  3841 | D:5      | 3841 ||| DROPPING potion of degeneration.
  3905 | D:6      | 3905 ||| INVOKING Fiery Armour.
  4044 | D:6      | Reached skill level 1 in Throwing
  4090 | D:6      | Found a shimmering altar of Xom.
  4091 | D:6      | Found a shimmering altar of Xom.
  4091 | D:6      | Found a shimmering altar of Xom.
  4111 | D:6      | 4111 ||| DROPPING +0 flail.
  4362 | D:6      | 4362 ||| Stepping ~*~*~tactically~*~*~ (stealth).
  4382 | D:6      | 4382 ||| Stepping ~*~*~tactically~*~*~ (stealth).
  4384 | D:6      | 4384 ||| Stepping ~*~*~tactically~*~*~ (hiding).
  4386 | D:6      | 4386 ||| Stepping ~*~*~tactically~*~*~ (hiding).
  4465 | D:6      | Found a sacrificial altar of Ru.
  4559 | D:6      | 4559 ||| Stepping ~*~*~tactically~*~*~ (hiding).
  4569 | D:6      | 4569 ||| Stepping ~*~*~tactically~*~*~ (hiding).
  4669 | D:6      | Found Nufy's Antique Armour Shop.
  4672 | D:6      | 4672 ||| SHOPLISTING bloodstained scarf (310 gold, have
                  | 271).
  4672 | D:6      | 4672 ||| BUYING cloak (139 gold).
  4672 | D:6      | Bought a cloak for 139 gold pieces
  4672 | D:6      | 4672 ||| SHOPLISTING pair of boots (139 gold, have 132).
  4784 | D:6      | Reached skill level 8 in Axes
  4787 | D:6      | Reached skill level 6 in Fighting
  5050 | D:6      | Reached XP level 9. HP: 55/55 MP: 10/10
  5300 | D:6      | 5300 ||| UPGRADING to +0 cloak.
  5305 | D:6      | 5305 ||| READING scroll labelled HIC PUDEDOAH.
  5306 | D:6      | 5306 ||| READING scroll labelled RIUVE TEISKUE.
  5512 | D:7      | 5512 ||| INVOKING Fiery Armour.
  5529 | D:7      | Reached skill level 6 in Armour
  5626 | D:7      | 5626 ||| Stepping ~*~*~tactically~*~*~ (stealth).
  5648 | D:7      | 5648 ||| SWAPPING to +0 war axe.
  5649 | D:7      | 5649 ||| DROPPING +2 hand axe of electrocution.
  5786 | D:7      | Found a radiant altar of Vehumet.
  6120 | D:7      | 6120 ||| DROPPING +2 flail of protection.
  6132 | D:7      | 6132 ||| INVOKING Fiery Armour.
  6136 | D:7      | 6136 ||| DRINKING potion of curing.
  6136 | D:7      | 6136 ||| (to cure confusion)
  6151 | D:7      | Reached skill level 9 in Axes
  6310 | D:7      | 6310 ||| INVOKING Fiery Armour.
  6459 | D:7      | Identified the +1 leather armour of the Shining Light
                  | {SInv}
  6473 | D:7      | Found an iron altar of Okawaru.
  6612 | D:7      | 6612 ||| READING 4 scrolls of identify.
  6612 | D:7      | 6612 ||| IDENTIFYING emerald potion
  6665 | D:8      | 6665 ||| Stepping ~*~*~tactically~*~*~ (hiding).
  6666 | D:8      | 6666 ||| Stepping ~*~*~tactically~*~*~ (hiding).
  6676 | D:8      | 6676 ||| STAIRDANCE
  6780 | D:8      | 6780 ||| Stepping ~*~*~tactically~*~*~ (stealth).
  6783 | D:8      | Found a staircase to the Lair.
  6787 | D:8      | Noticed a death yak
  6788 | D:8      | 6788 ||| Stepping ~*~*~tactically~*~*~ (stealth).
  6788 | D:8      | Noticed a death yak
  6789 | D:8      | 6789 ||| INVOKING Fiery Armour.
  6790 | D:8      | Noticed a death yak
  6797 | D:8      | HP: 14/57 [death yak (2)]
  6798 | D:8      | 6798 ||| READING 3 scrolls of teleportation.
  6798 | D:8      | Slain by a death yak

Levels and vault maps discovered:
D:1:      lightli_arrival_farm, layout_basic, serial_shops,
          nicolae_shop_competitors_out_of_business
D:2:      layout_basic, minmay_misc_feat_tower
D:3:      layout_loops_ring, mainiacjoe_overflow_boulevard,
          lemuel_coloured_pillars_altar, st_stairs_2, dk_noncrumbling_3,
          kennysheep_generic_room_8
D:4:      layout_cave_pods, nicolae_wu_jian_wuxing_cycle
D:5:      layout_loops_cross, minmay_temple_entry_large_hall
D:6:      layout_layer_cave, overflow_temple_1_default, xom_redecorated,
          serial_shops, kennysheep_mini, kennysheep_cross_room,
          serial_bayou_crossing
D:7:      layout_gridville, okawaru_humans, nicolae_vehumet_altar_sigil,
          serial_bayou, serial_bayou_shore_a, serial_bayou_pond_c,
          serial_bayou_lake_a, serial_bayou_pond_a
D:8:      layout_cave_pools, grunt_gozag_breadcrumbs, dpeg_lair_monsters,
          enter_bailey_3, serial_shops, shop_fountains,
          onia_ninara_dug_in_and_dangerous

Skill      XL: |  1  2  3  4  5  6  7  8  9 |
---------------+----------------------------+-----
Axes           | 3 4 5 6 7 8 9 |  9.8
Armour         | 1 2 3 4 5 6 |  6.1
Fighting       | 4 6 7 |  7.1
Dodging        | 1 |  1.3
Throwing       | 1 |  1.2
Spellcasting   | |  1.0
Fire Magic     | |  3.0

Action                     |  1- 3 |  4- 6 |  7- 9 || total
---------------------------+-------+-------+-------++-------
  Melee: Hand axe          |    90 |   120 |   200 ||   410
         Punch             |     1 |     1 |     4 ||     6
         War axe           |       |       |    99 ||    99
  Throw: Boomerang         |       |     4 |    62 ||    66
 Invoke: Fiery Armour      |     1 |     2 |     5 ||     8
    Use: Scroll            |     3 |    13 |     5 ||    21
         Potion            |       |     1 |     2 ||     3
 Armour: Robe              |    11 |       |       ||    11
         Chain mail        |    20 |    26 |       ||    46
         Plate armour      |       |    38 |   208 ||   246
  Dodge: Dodged            |    39 |    35 |    82 ||   156

Table legend:
 A = Non-vault XP
 B = Vault XP
 C = Vault XP percentage of total XP
 D = Non-vault monster count
 E = Vault monster count
 F = Vault count percentage of total count
                 A         B        C        D         E       F
            +---------+---------+-------+---------+---------+-------
      Total |    3884 |     400 |   9.3 |     160 |       3 |   1.8
            +---------+---------+-------+---------+---------+-------
        D:1 |      41 |       0 |   0.0 |      17 |       0 |   0.0
        D:2 |      96 |       0 |   0.0 |      20 |       0 |   0.0
        D:3 |     176 |       1 |   0.6 |      15 |       1 |   6.2
        D:4 |     269 |       0 |   0.0 |      21 |       0 |   0.0
        D:5 |     658 |       0 |   0.0 |      22 |       0 |   0.0
        D:6 |    1132 |       0 |   0.0 |      29 |       0 |   0.0
        D:7 |    1197 |     399 |  25.0 |      31 |       2 |   6.1
        D:8 |     315 |       0 |   0.0 |       5 |       0 |   0.0
            +---------+---------+-------+---------+---------+-------
